 Dungeon Crawl Stone Soup version 0.31-a0-431-g88bdf31460 (webtiles) character file.

Game seed: 4138354734485643251

20292 Newt the Markskobold (level 13, 0/70 HPs)
             Began as a Kobold Hunter on July 31, 2023.
             Was a High Priest of Hepliaklqana.
             Slain by a sixfirhy (9 damage)
             ... summoned by an obsidian statue
             ... on level 12 of the Dungeon.
             The game lasted 00:14:01 (10749 turns).

Newt the Markskobold (Kobold Hunter)               Turns: 10749, Time: 00:14:01

Health: 0/70       AC:  6    Str:  8      XL:     13   Next: 11%
Magic:  20/20      EV: 26    Int: 13      God:    Hepliaklqana [*****.]
Gold:   839        SH:  0    Dex: 21 (22) Spells: 19/22 levels left

rFire   . . .        d - +9 arbalest of Qatwonaf {elec, rC+ Int+3}
rCold   + . .        (shield currently unavailable)
rNeg    . . .        Q - +0 troll leather armour
rPois   .            g - +0 helmet
rElec   .            e - +0 cloak
rCorr   .            (no gloves)
SInv    +            (no boots)
Will    .....        N - amulet of regeneration
Stlth   ++++         q - ring of see invisible
HPRegen 1.91/turn    u - +5 ring of evasion
MPRegen 0.17/turn

%: no passive effects
@: unable to drink
A: reduced essence, small, no large weapons, nightstalker 3, clumsy 1, inability
to drink after injury 1
a: Renounce Religion, Recall Ancestor, Ancestor Identity, Transference, Idealise


You were on level 12 of the Dungeon.
You worshipped Hepliaklqana.
Hepliaklqana was extremely pleased with you.
You visited 1 branch of the dungeon, and saw 12 of its levels.
You also visited: Sewer and Bailey.

You collected 839 gold pieces.

Inventory:

Hand Weapons
 a - a +0 shortbow of freezing
 d - the +9 arbalest of Qatwonaf (weapon) {elec, rC+ Int+3}
   (You acquired it on level 5 of the Dungeon)

   Int:       It affects your intelligence (+3).
   rC:        It protects you from cold.
Armour
 c - a +0 leather armour
 e - a +0 cloak (worn)
 g - a +0 helmet (worn)
 k - the +1 leather armour of the Monk {rPois rN+++ Str-4 Int-3}
   (You found it on level 2 of the Dungeon)

   Str:       It affects your strength (-4).
   Int:       It affects your intelligence (-3).
   rPois:     It protects you from poison.
   rN:        It renders you almost immune to negative energy.
 D - the +2 leather armour "Etepiresm" {*Slow rElec SInv}
   (You found it on level 7 of the Dungeon)

   rElec:     It insulates you from electricity.
   SInv:      It lets you see invisible.
   *Slow:     It may slow you when you take damage.
 Q - a +0 troll leather armour (worn)
 W - the +0 leather armour of Evolution {Rampage}
   (You found it on level 12 of the Dungeon)

   Rampage:   It bestows one free step when moving towards enemies.
Jewellery
 b - an amulet of faith
 l - a ring of fire
 q - a ring of see invisible (left hand)
 u - a +5 ring of evasion (right hand)
 L - a ring of ice
 M - a ring of willpower
 N - an amulet of regeneration (around neck)
 O - a ring of willpower
 P - a ring of poison resistance
 R - an amulet of magic regeneration
Wands
 n - a wand of polymorph (7)
 y - a wand of roots (4)
 A - a wand of flame (15)
 S - a wand of charming (2)
 T - a wand of acid (2)
Scrolls
 f - 5 scrolls of amnesia
 h - 10 scrolls of teleportation
 j - 3 scrolls of poison
 E - 3 scrolls of fear {unknown}
 F - 2 scrolls of enchant weapon {unknown}
 G - a scroll of brand weapon
 I - a scroll of fog
 J - a scroll of vulnerability {unknown}
 K - a scroll of blinking {unknown}
 U - a scroll of revelation {unknown}
Potions
 i - 4 potions of lignification
 m - 4 potions of berserk rage
 o - 3 potions of magic
 p - a potion of mutation
 r - a potion of ambrosia
 s - 4 potions of curing
 t - 2 potions of brilliance
 v - a potion of attraction
 w - 2 potions of enlightenment
 x - 4 potions of heal wounds
 z - 2 potions of invisibility
 B - a potion of resistance
 C - 5 potions of might
 H - a potion of haste
Miscellaneous
 V - a lightning rod (4/4)


   Skills:
 - Level 8.0 Fighting
 - Level 16.8 Ranged Weapons
 - Level 10.0 Dodging
 - Level 5.0 Stealth
 + Level 5.0 Spellcasting
 + Level 4.9 Hexes
 + Level 4.9 Translocations
 - Level 7.3 Evocations
 - Level 7.3 Shapeshifting


You had 19 spell levels left.
You knew the following spells:

 Your Spells              Type           Power      Damage    Failure   Level
a - Portal Projectile     Hex/Tloc       32%        N/A       11%         3

Your spell library contained the following spells:

 Spells                   Type           Power      Damage    Failure   Level
 Confusing Touch          Hex            16%        N/A       11%         3
 Ensorcelled Hibernation  Hex/Ice        18%        N/A       14%         2
 Kiss of Death            Conj/Necr      12%        2d6       26%         1
 Magic Dart               Conj           12%        1d3       26%         1
 Inner Flame              Hex/Fire       9%         N/A       28%         3
 Cigotuvi's Dreadful Rot  Necr/Pois/Air  6%         N/A       38%         2
 Passwall                 Tmut/Erth      2%         N/A       38%         2
 Searing Ray              Conj           6%         2d4       38%         2
 Call Canine Familiar     Summ           3%         N/A       63%         3
 Ozocubu's Armour         Ice            3%         N/A       63%         3
 Swiftness                Air            3%         N/A       63%         3
 Fulminant Prism          Conj/Hex       4%         3d5       67%         4
 Leda's Liquefaction      Hex/Erth       4%         N/A       67%         4
 Animate Dead             Necr           3%         N/A       95%         4
 Dispel Undead            Necr           3%         3d7       95%         4
 Flame Wave               Conj/Fire      3%         2d5       95%         4
 Sticky Flame             Conj/Fire      3%         2d3       95%         4
 Borgnjor's Vile Clutch   Necr/Erth      1%         N/A       100%        5
 Death Channel            Necr           1%         N/A       100%        6
 Ozocubu's Refrigeration  Ice            1%         4d7       100%        7


Dungeon Overview and Level Annotations

Branches:
Dungeon (12/15)            Temple (0/1) D:5            Lair (0/5) D:11
    Orc (0/2) D:9           Sewer (visited)          Bailey (visited)

Altars:
Fedhas
Hepliaklqana
Nemelex Xobeh
Okawaru
Sif Muna
Yredelemnul

Shops:
D:5 (   D:7 (

Annotations:
D:11 2 runed translucent doors
D:12 exclusion: obsidian statue


Innate Abilities, Weirdness & Mutations

Your life essence is reduced to manifest your ancestor. (-10% HP)
You are small and have problems with some larger weapons.
You are completely attuned to the shadows.
You are clumsy. (Dex -2)
You occasionally lose the ability to drink potions when taking damage.


Message History

You shoot a bolt. The bolt hits the sun demon!
The sun demon is almost dead.
The sixfirhy barely misses you. The sixfirhy completely misses you. x2
Sagil-Zimu misses the sixfirhy.
The sun demon completely misses you. The sixfirhy completely misses you.
Unknown command.
You shoot a bolt. The bolt hits the sun demon!!
You kill the sun demon!
The sun demon disappears in a puff of smoke!
The sixfirhy completely misses you. The sixfirhy misses you.
The sixfirhy hits you. The sixfirhy shocks you!
Sagil-Zimu blocks the sixfirhy's attack.
The sixfirhy completely misses you.
Sagil-Zimu completely misses the sixfirhy.
The sixfirhy barely misses Sagil-Zimu.
You shoot a bolt. The bolt barely misses the quasit.
The sixfirhy hits Sagil-Zimu!
The sixfirhy shocks Sagil-Zimu!
Sagil-Zimu is destroyed!
The sixfirhy misses you. The sixfirhy completely misses you.
The quasit completely misses you. The quasit barely misses you.
The quasit misses you. The sixfirhy closely misses you.
The quasit closely misses you. The quasit misses you.
The quasit closely misses you.
You shoot a bolt. The bolt barely misses the quasit.
The sixfirhy misses you.
The obsidian statue's eyes glow briefly.
The quasit closely misses you. The quasit completely misses you. x2
Unknown command.
The quasit attacks as you move away! The quasit completely misses you.
The quasit misses you. The quasit claws you. The sixfirhy closely misses you.
The sixfirhy completely misses you. The sixfirhy hits you!
The sixfirhy shocks you!
You feel threatened and lose the ability to drink potions!
* * * LOW HITPOINT WARNING * * *
The obsidian statue's eyes glow briefly.
The sixfirhy misses you.
The quasit disappears in a puff of smoke!
The sixfirhy hits you!
* * * LOW HITPOINT WARNING * * *
The sixfirhy shocks you!
You die...

........###.
........#...
.............
.............#
##..................R
.....................
#.................##.
.......3?)?..^....#
#.
.....@3ยง888.......#
#.
........888).......
......4!888$.......
##...#............
###............>...
#......#...........
###...##..##.#.....
##......####.#...
#......# ####..


You could see an obsidian statue, an ice devil (summoned) and 2 sixfirhies.

Vanquished Creatures
  Erica (D:8)
  A boulder beetle (D:12)
  2 two-headed ogres
  An orc knight (Bailey)
  An ugly thing (D:11)
  A cyclops (D:9)
  A gargoyle (D:9)
  An unseen horror (D:12)
  3 hornets
  2 shadows
  2 vampires
  11 yaks
  A wyvern (D:9)
  Eustachio (D:4)
  3 steam dragons
  2 vampire mosquitoes (D:8)
  3 acid dragons
  2 water moccasins
  9 orc warriors
  An ice beast (D:7)
  7 centaurs
  2 kobold brigands
  A phantom (D:6)
  A bullfrog (D:8)
  A scorpion (D:6)
  10 wights
  10 killer bees
  An electric eel (D:9)
  3 howler monkeys
  7 hounds
  6 orc priests
  4 gnoll boudas
  A jelly (D:7)
  3 iguanas
  A sleepcap (D:5)
  10 orc wizards
  A hell rat (Sewer)
  Robin (D:2)
  11 gnolls
  6 adders
  A river rat (Sewer)
  3 white imps
  2 ufetubi
  3 worms
  A dart slug (D:4)
  34 orcs
  5 ball pythons
  3 bats
  5 endoplasms
  2 giant cockroaches
  23 goblins
  27 hobgoblins
  2 quokkas (D:6)
  3 frilled lizards
  27 kobolds
  8 rats
285 creatures vanquished.

Vanquished Creatures (collateral kills)
  An orc warlord (Bailey)
  An ugly thing (D:12)
  A manticore (D:11)
  An unseen horror (D:12)
  A troll (D:12)
  2 yaks
  A steam dragon (D:9)
  A vampire mosquito (D:8)
  An orc warrior (Bailey)
  5 wights
  A sleepcap (D:6)
  An orc wizard (D:9)
  2 gnolls
  5 orcs
  A goblin (D:7)
  2 hobgoblins (Bailey)
  A rat (Sewer)
28 creatures vanquished.

Vanquished Creatures (others)
  A steam dragon (D:7)
  A wight (D:9)
  4 knights
6 creatures vanquished.

Grand Total: 319 creatures vanquished

Notes
Turn   | Place    | Note
-------+----------+-------------------------------------------
     0 | D:1      | Newt the Kobold Hunter began the quest for the Orb.
     0 | D:1      | Reached XP level 1. HP: 12/12 MP: 1/1
    69 | D:1      | Reached XP level 2. HP: 18/18 MP: 2/2
   186 | D:1      | Found a faded altar of an unknown god.
   759 | D:2      | Reached XP level 3. HP: 20/24 MP: 3/3
   817 | D:2      | Noticed Robin
   824 | D:2      | Killed Robin
   836 | D:2      | Reached XP level 4. HP: 17/30 MP: 4/4
  1070 | D:2      | Identified the +1 leather armour of the Monk {rPois rN+++
                  | Str-4 Int-3}
  1486 | D:3      | Reached skill level 5 in Fighting
  1960 | D:4      | Reached skill level 6 in Ranged Weapons
  1960 | D:4      | Reached XP level 5. HP: 23/35 MP: 5/5
  2207 | D:4      | Noticed Eustachio
  2220 | D:4      | Killed Eustachio
  2221 | D:4      | Reached skill level 7 in Ranged Weapons
  2221 | D:4      | Reached XP level 6. HP: 29/40 MP: 6/6
  2738 | D:5      | Entered Level 5 of the Dungeon
  2744 | D:5      | Reached skill level 13 in Ranged Weapons
  2744 | D:5      | Reached XP level 7. HP: 44/44 MP: 7/7
  2917 | D:5      | Found an iron altar of Okawaru.
  2945 | D:5      | Found a hazy altar of Hepliaklqana.
  2973 | D:5      | Became a worshipper of Hepliaklqana the Forgotten
  3110 | D:5      | Reached XP level 8. HP: 48/49 MP: 8/8
  3112 | D:5      | Identified a scroll of acquirement
  3112 | D:5      | Acquired the +9 arbalest of Qatwonaf {elec, rC+ Int+3}
  3203 | D:5      | Found Odaopus's Weapon Emporium.
  3401 | D:5      | Found a staircase to the Ecumenical Temple.
  4061 | D:6      | Reached skill level 5 in Dodging
  4115 | D:6      | Reached * piety under Hepliaklqana
  4200 | D:6      | Found a basalt altar of Yredelemnul.
  4364 | D:6      | Found a glowing drain.
  4371 | Sewer    | Entered a sewer
  4713 | D:6      | Reached XP level 9. HP: 48/48 MP: 9/9
  5025 | D:7      | Found Tuerphao's Antique Weapon Emporium.
  5081 | D:7      | Reached ** piety under Hepliaklqana
  5082 | D:7      | Remembered your ancestor Sagil-Zimu as a knight
  5087 | D:7      | Identified the +2 leather armour "Etepiresm" {*Slow rElec
                  | SInv}
  5365 | D:7      | Found a flagged portal.
  5375 | Bailey   | Entered a bailey
  5497 | Bailey   | Noticed an orc knight
  5500 | Bailey   | Killed an orc knight
  5501 | Bailey   | Reached skill level 14 in Ranged Weapons
  5501 | Bailey   | Reached XP level 10. HP: 57/57 MP: 10/10
  5679 | Bailey   | Noticed an orc warlord
  5711 | Bailey   | Killed an orc warlord
  5712 | Bailey   | Reached skill level 15 in Ranged Weapons
  5818 | Bailey   | Reached skill level 5 in Stealth
  5835 | Bailey   | Reached skill level 1 in Evocations
  5852 | Bailey   | Reached skill level 16 in Ranged Weapons
  5852 | Bailey   | Reached XP level 11. HP: 61/61 MP: 11/11
  6089 | D:7      | Found a sparkling altar of Nemelex Xobeh.
  6155 | D:7      | Reached *** piety under Hepliaklqana
  6639 | D:8      | Noticed Erica
  6649 | D:8      | Killed Erica
  7169 | D:8      | Reached XP level 12. HP: 65/65 MP: 12/12
  7335 | D:9      | Found a blossoming altar of Fedhas.
  7405 | D:9      | Reached skill level 10 in Dodging
  7501 | D:9      | Noticed a two-headed ogre
  7503 | D:9      | Killed a two-headed ogre
  7504 | D:9      | Reached skill level 1 in Spellcasting
  7504 | D:9      | Reached skill level 1 in Hexes
  7504 | D:9      | Reached skill level 1 in Translocations
  7561 | D:9      | Learned a level 3 spell: Portal Projectile
  7778 | D:9      | Identified the +0 chain mail "Gehelyw" {rC+}
  7974 | D:9      | Found a staircase to the Orcish Mines.
  8176 | D:10     | Entered Level 10 of the Dungeon
  8179 | D:10     | Reached **** piety under Hepliaklqana
  8263 | D:10     | Found a shimmering blue altar of Sif Muna.
  8632 | D:10     | Noticed a two-headed ogre
  8635 | D:10     | Killed a two-headed ogre
  9455 | D:11     | Found a staircase to the Lair.
  9714 | D:11     | Found a runed translucent door.
  9718 | D:11     | Noticed a skeletal warrior
  9720 | D:11     | Noticed a skeletal warrior
  9721 | D:11     | Found a runed translucent door.
  9721 | D:11     | Noticed a lich
 10067 | D:11     | a faun changed into a deep troll
 10067 | D:11     | Noticed a deep troll (glowing shapeshifter)
 10125 | D:12     | Reached ***** piety under Hepliaklqana
 10129 | D:12     | Noticed a boulder beetle
 10135 | D:12     | Killed a boulder beetle
 10142 | D:12     | Reached XP level 13. HP: 52/70 MP: 19/19
 10499 | D:12     | Reached skill level 5 in Spellcasting
 10534 | D:12     | Gained mutation: You are clumsy. (Dex -2) [a neqoxec]
 10536 | D:12     | Gained mutation: You occasionally lose the ability to drink
                  | potions when taking damage. [a neqoxec]
 10733 | D:12     | Identified the +0 leather armour of Evolution {Rampage}
 10749 | D:12     | Slain by a sixfirhy

Illustrated notes

Levels and vault maps discovered:
D:1:      ncdulo_watergridlock, layout_loops_cross,
          shapermc_ecumenical_altar_venn
D:2:      layout_rooms, minmay_pentomino_pile, uniq_robin
D:3:      layout_rooms
D:4:      layout_rooms, uniq_eustachio
D:5:      layout_loops_ring, mainiacjoe_overflow_catch_the_wave,
          lemuel_temple_firewalk_b, serial_shops, shop,
          dreamdust_princess_bridge
D:6:      kennysheep_kobold_camp, layout_gridville, yredelemnul_altar_generic,
          gup_sewer_entry_bubbles, minmay_curled_crystal
D:7:      layout_rooms, general_overflow_altar, serial_shops, shop,
          enter_bailey_4
D:8:      layout_loops_cross, nrook_mini_backslash,
          chequers_serial_rivers_small_a, uniq_erica
D:9:      layout_loops_ring, fedhas_altar_3, orc_0_dummy, serial_bayou,
          serial_bayou_pond_d, serial_bayou_pond_c, serial_bayou_pond_b,
          serial_bayou_pond_b
D:10:     layout_basic, mainiacjoe_overflow_alcove_1
D:11:     layout_irregular_city, lair_entry_dummy, muffindrake_ghost_dual_entry
D:12:     layout_cave_pools, minmay_protected_statue

Skill      XL: |  1  2  3  4  5  6  7  8  9 10 11 12 13 |
---------------+----------------------------------------+-----
Fighting       | 3 4 5 8 |  8.0
Ranged Weapons | 6 7 13 14 16 | 16.8
Shapeshifting  | 7 |  7.3
Dodging        | 3 6 8 10 | 10.0
Stealth        | 5 |  5.0
Evocations     | 7 |  7.3
Spellcasting   | 4 5 |  5.0
Hexes          | 4 |  4.9
Translocations | 4 |  4.9

Action                     |  1- 3 |  4- 6 |  7- 9 | 10-12 | 13-15 || total
---------------------------+-------+-------+-------+-------+-------++-------
   Fire: Shortbow          |    66 |    98 |    46 |       |       ||   210
         Arbalest          |       |       |   158 |   276 |    62 ||   496
 Invoke: Recall Ancestor   |       |       |     1 |     2 |       ||     3
         Ancestor Life: Kn |       |       |     1 |       |       ||     1
  Evoke: Wand              |       |       |       |     3 |       ||     3
    Use: Scroll            |     1 |     8 |     3 |     6 |       ||    18
         Potion            |       |     1 |       |     6 |       ||     7
 Armour: Leather armour    |     6 |    10 |    19 |     5 |       ||    40
         Troll leather arm |       |       |       |       |     3 ||     3
  Dodge: Dodged            |    27 |    28 |   133 |    75 |   125 ||   388

Table legend: (Time is in decaauts)
 A = Elapsed time spent in this place.
 B = Non-inter-level travel time spent in this place.
 C = Inter-level travel time spent in this place.
 D = Time resting spent in this place.
 E = Time spent auto-exploring this place.
 F = Levels seen in this place.
 G = Mean time per level.
                   A        B        C        D        E       F      G
               +--------+--------+--------+--------+--------+-----+--------+
         Total |  10937 |  10593 |    344 |    600 |   8357 |  14 |  781.2 |
       Dungeon |  10321 |   9977 |    344 |    458 |   8101 |  12 |  860.1 |
         Sewer |     92 |     92 |      0 |      0 |     61 |   1 |   92.0 |
        Bailey |    523 |    523 |      0 |    142 |    194 |   1 |  523.0 |
               +--------+--------+--------+--------+--------+-----+--------+

Top non-repeatable levels by time:
     D:5: 1216 daAuts
     D:6: 1071 daAuts
    D:11: 1056 daAuts
     D:9: 1019 daAuts
    D:10: 875 daAuts
     D:8: 829 daAuts
     D:7: 825 daAuts
     D:4: 793 daAuts
     D:1: 740 daAuts
     D:2: 677 daAuts
    D:12: 659 daAuts
     D:3: 558 daAuts
  Bailey: 523 daAuts
   Sewer: 92 daAuts
